 Dungeon Crawl Stone Soup version 0.14-a0-426-gb52781e (webtiles) character file.

120 PolkaDot the Vexing (level 3, -3/24 HPs)
             Began as a Vampire Enchanter on Oct 28, 2013.
             Slain by an adder (4 damage)
             ... on Level 2 of the Dungeon.
             The game lasted 00:02:05 (711 turns).

PolkaDot the Vexing (Vampire Enchanter)              Turns: 711, Time: 00:02:05

HP  -3/24        AC  3     Str  7      XL: 3   Next: 28%
MP   5/6         EV 12     Int 17      God:
Gold 81          SH  0     Dex 15      Spells:  1 memorised,  3 levels left

Res.Fire  : . . .   See Invis. : +   m - +0,+1 dagger (pain)
Res.Cold  : . . .   Warding    : .   b - +1 robe
Life Prot.: + . .   Conserve   : .   (no shield)
Res.Poison: .       Res.Corr.  : .   (no helmet)
Res.Elec. : .       Clarity    : .   (no cloak)
Sust.Abil.: . .     Spirit.Shd : .   (no gloves)
Res.Mut.  : .       Stasis     : .   (no boots)
Res.Rott. : .       Flight     : .   (no amulet)
Saprovore : . . .                    (no ring)
                                     (no ring)

@: mildly poisoned, slightly resistant to hostile enchantments, stealthy
A: fangs 3, see invisible, unbreathing
a: Bat Form


You were on level 2 of the Dungeon.
You were not thirsty.

You visited 1 branch of the dungeon, and saw 2 of its levels.

You collected 61 gold pieces.

Inventory:

Hand weapons
 m - a +0,+1 dagger of pain (weapon)
Missiles
 d - 12 darts (quivered)
Armour
 b - a +1 robe (worn)
Scrolls
 h - a scroll of fog {unknown}
 i - a scroll of enchant weapon II {unknown}
 j - 2 scrolls of teleportation {unknown}
 l - a scroll of remove curse {unknown}
Jewellery
 k - an uncursed ring of magical power {unknown}
Potions
 e - a potion of blood
 f - a potion of heal wounds {unknown}
 g - a potion of restore abilities
Books
 c - a book of Maledictions

   Spells                             Type                      Level
   *Corona                            Hexes                        1
   Sure Blade                         Hexes/Charms                 2
   Ensorcelled Hibernation            Hexes/Ice                    2
   Confuse                            Hexes                        3
   Enslavement                        Hexes                        4
   Invisibility                       Hexes                        6


   Skills:
 * Level 2.5 Short Blades
 - Level 0.7 Throwing
 - Level 2.1 Dodging
 + Level 3.9 Stealth
 - Level 1.0 Spellcasting
 + Level 4.9 Hexes


You had 3 spell levels left.
You knew the following spells:

 Your Spells              Type           Power        Failure   Level  Hunger
a - Corona                Hex            ###....      2%          1    ##.....


Dungeon Overview and Level Annotations

Branches:
Dungeon (2/27)

Altars:
Yredelemnul


Innate Abilities, Weirdness & Mutations

You have razor-sharp teeth.*
You have supernaturally acute eyesight.
You can survive without breathing.*


Message History

Press: ? - help, Shift-Dir - straight line, f - adder
Aim: an adder The adder is outlined in light.
The adder closely misses you.
You hit the adder.
The adder is lightly wounded.
The adder bites you.
* * * LOW HITPOINT WARNING * * *
The adder barely misses you.
You closely miss the adder.
The adder is lightly wounded.
The adder bites you.
* * * LOW HITPOINT WARNING * * *
You are more poisoned.
The adder poisons you!
You closely miss the adder.
The adder is lightly wounded.
The adder closely misses you.
Drink which item? (? for menu, Esc to quit)
You feel refreshed.
It was a potion of restore abilities.
The adder bites you.
You die...

#.###.#########...##...##......#
>...#.#########...P.P.P##).<...#
..)................P♣♣P........#
....#.#########...P♣.♣♣♣.......#
............(....PP♣♣♣♣..).....#
#..##.#########....♣.♣♣...###..#
#..##.# #.....♣♣P...# #..#
#.<##.# #.....♣♣PP..# #..%.
...##%#########.@..#P.....#
#.###
................S.........# .
..........................#
....#.######♣.♣.♣.♣.♣.♣.#.#
##.##>## #..........(..#..
.....).# #.♣.♣.♣.♣.♣.♣ .......#
........##. ......... .... ...
......PP.P. ....


You could see an adder.

Vanquished Creatures
  2 adders (D:2)
  3 goblins
  2 hobgoblins
  3 jackals (D:2)
  8 bats
  A kobold (D:2)
  3 rats
22 creatures vanquished.

Notes
Turn   | Place    | Note
--------------------------------------------------------------
     0 | D:1      | PolkaDot, the Vampire Enchanter, began the quest for the Orb.
     0 | D:1      | Reached XP level 1. HP: 13/13 MP: 4/4
   137 | D:1      | Reached XP level 2. HP: 8/19 MP: 5/5
   646 | D:2      | Found a basalt altar of Yredelemnul.
   675 | D:2      | Reached XP level 3. HP: 16/24 MP: 6/6
   709 | D:2      | HP: 1/24 [adder (3)]
   711 | D:2      | Slain by an adder

Action                   || total
-------------------------++-------
Melee: Dagger            ||    84
 Cast: Corona            ||     2
  Use: Potion            ||     1
 Stab: Sleeping          ||     2
